cohdb
Replays
Latest Replays
All Replays
Popular Replays
Top Player Replays
Match Explorer
How It Works
Community
CoH3 Stats
Reddit
Sign in to upload your games and track your stats! →
Sign in with Steam
Reakly\Xufe vs HulkSMASH\Ruby - Epic Match
Match 43589314
Overview
Messages
Build Orders
End
Pioneer Squad
Construct Infanterie Kompanie
Grenadier Squad
Selects Breakthrough Battlegroup
Selects Assault Grenadiers
Grenadier Squad
Grenadier Squad
Construct Luftwaffe Kompanie
Infanterie Officer Quarters
MG 42 Machine Gun Team
Construct Luftwaffe Kompanie
Selects Rapid Production
221 Scout Car
Jäger Squad
Jäger Squad
Support Elements
Wirbelwind Flakpanzer
Selects Blitzkrieg
Construct Panzer Kompanie
MG 42 Bunker
Sturmpanzer IV Brummbär
Panzer Officer Quarters
Medical Bunker
Selects Tiger Heavy Tank
Tiger Heavy Tank
Medical Station
Panzer IV Medium Tank
Selects Smoke Bombing Run
Selects Incendiary Bombing Run
Smoke Bombing Run
Repair Bunker
Panzer IV Medium Tank
Incendiary Bombing Run
Incendiary Bombing Run
Reakly
Xufe
HulkSMASH
⚓️Ruby⚓
0
0
Comments
sign in to comment!
No comments posted yet!